 Dungeon Crawl Stone Soup version 0.26.1-11-gd32895ea62 (webtiles) character file.

Game seed: 17517847915384571424

147 infcreate the Grave Robber (level 5, -2/29 HPs)
             Began as a Vampire Necromancer on July 17, 2021.
             Slain by an iguana (9 damage)
             ... on level 3 of the Dungeon.
             The game lasted 00:10:12 (3167 turns).

infcreate the Grave Robber (Vampire Necromancer)    Turns: 3167, Time: 00:10:12

Health: -2/29      AC:  2    Str:  7    XL:     5   Next: 8%
Magic:  1/8        EV: 14    Int: 17    God:
Gold:   133        SH:  0    Dex: 16    Spells: 3/8 levels left

rFire    + . .     SeeInvis +   g - +0 dagger
rCold    + + .     Faith    .   (no shield)
rNeg     + + +     Spirit   .   a - +0 robe
rPois    ∞         Reflect  .   (no helmet)
rElec    .         Harm     .   (no cloak)
rCorr    .         Rampage  .   (no gloves)
Will     .....                  (no boots)
Stlth    +++++.....             (no amulet)
HPRegen  0.00/turn              F - ring of protection from fire
MPRegen  0.11/turn              (no ring)

@: bloodless
A: fangs 3, see invisible, unbreathing
a: Bat Form, Revivify


You were on level 3 of the Dungeon.
You visited 1 branch of the dungeon, and saw 3 of its levels.

You collected 133 gold pieces.


Innate Abilities, Weirdness & Mutations

You do not regenerate when monsters are visible.
You are frail without blood (-20% HP).
You can heal yourself when you bite living creatures.
You are immune to poison.
You have razor-sharp teeth.
You have supernaturally acute eyesight. (SInv)
You can survive without breathing.


   Skills:
 + Level 1.0 Fighting
 + Level 1.4 Short Blades
 * Level 3.2 Dodging
 * Level 4.8 Stealth
 + Level 2.4 Spellcasting
 * Level 5.1 Necromancy


You had 3 spell levels left.
You knew the following spells:

 Your Spells              Type           Power        Failure   Level
a - Animate Skeleton      Necr           38%          2%          1
p - Pain                  Necr           76%          2%          1
v - Vampiric Draining     Necr           9%           7%          3

Your spell library contained the following spells:

 Spells                   Type           Power        Failure   Level
 Animate Dead             Necr           9%           22%         4
 Agony                    Necr           19%          52%         5

Inventory:

Hand Weapons
 g - a +0 dagger (weapon)
Armour
 a - a +0 robe (worn)
 l - a +0 pair of boots
Jewellery
 C - an uncursed ring of ice
 F - a ring of protection from fire (left hand)
Scrolls
 c - a scroll of amnesia {unknown}
 e - 2 scrolls of identify {@r1}
 h - a scroll of random uselessness {unknown}
 j - 2 scrolls of remove curse {@r2}
 n - a scroll of magic mapping {unknown}
Potions
 b - 2 potions of flight
 d - a potion of might {unknown}
 f - 2 potions of curing {unknown}
 i - a potion of heal wounds {unknown}
 k - a potion of brilliance {unknown}
 m - a potion of resistance {unknown}
 o - a potion of attraction {unknown}

Dungeon Overview and Level Annotations

Branches:
Dungeon (3/15)

Altars:

.## #.# ##.######## ##
##.......# . ##)######>#### .
#.## #.##.. [## .## #.##.#
##.. ## #.##.##########>.#
#### #.##....@l...†...# ...#
#.##..#########..##
##.######.....# ##l.#
##.#.........l# #.#...#
#...#.#####.l.##########.#####
....##.# #.....l........#
#...#..####...############
##.#........>.........#
#.#...####...#######†###


You could see an iguana.


Message History

Memorise Vampiric Draining, consuming 3 spell levels and leaving 3?
You finish memorising.
Spell assigned to 'v'.
Okay, then.
You start resting.
Magic restored.
You climb downwards.
The iguana barely misses you.
There is a stone staircase leading up here.
Casting: Pain (safe; 2% risk of failure)
Confirm with . or Enter, or press ? or * to list all spells.
The spell is quite dangerous to cast (7% risk of failure)!
Continue anyway?
Okay, then.
Casting: Vampiric Draining (quite dangerous; 7% risk of failure)
Confirm with . or Enter, or press ? or * to list all spells.
The spell is quite dangerous to cast (7% risk of failure)!
Continue anyway?
Aiming: Vampiric Draining (quite dangerous; 7% risk of failure)
Press: ? - help, Shift-Dir - straight line, f - iguana
Aim: an iguana The iguana is heavily wounded.
The iguana bites you!
The iguana barely resists.
The iguana bites you!
* * * LOW HITPOINT WARNING * * *
Casting: Pain (safe; 2% risk of failure)
Confirm with . or Enter, or press ? or * to list all spells.
The spell is quite dangerous to cast (7% risk of failure)!
Continue anyway?
Aiming: Vampiric Draining (quite dangerous; 7% risk of failure)
Press: ? - help, Shift-Dir - straight line, f/p - iguana
Aim: an iguana (heavily wounded)
The iguana is almost dead.
You feel life coursing into your body. The iguana bites you!
You die...

Skill      XL: |  1  2  3  4 |
---------------+-------------+-----
Stealth        | 4 |  4.8
Short Blades   | 1 |  1.4
Dodging        | 3 |  3.2
Necromancy     | 5 |  5.1
Fighting       | 1 |  1.0
Spellcasting   | |  2.4

Action                   |  1- 3 |  4- 6 || total
-------------------------+-------+-------++-------
Melee: Club              |     6 |       ||     6
       Dagger            |     8 |     8 ||    16
       Bite              |     1 |       ||     1
 Cast: Pain              |    70 |    46 ||   116
       Vampiric Draining |       |     2 ||     2
 Abil: Exsanguinate      |     1 |       ||     1
  Use: Scroll            |     2 |     1 ||     3
 Stab: Sleeping          |     7 |     1 ||     8
Armor: Robe              |    11 |     1 ||    12
Dodge: Dodged            |    35 |    14 ||    49

Levels and vault maps discovered:
D:1:      heliophobic_arrival_battle_scene, layout_loops_ring,
          minmay_crystal_room, minmay_bisected
D:2:      layout_basic, uniq_terence
D:3:      layout_loops_ring, uniq_jessica

Notes
Turn   | Place    | Note
-------+----------+-------------------------------------------
     0 | D:1      | infcreate the Vampire Necromancer began the quest for the
                  | Orb.
     0 | D:1      | Reached XP level 1. HP: 13/13 MP: 3/3
   269 | D:1      | Reached XP level 2. HP: 5/15 MP: 0/5
   296 | D:1      | HP: 1/15 [hobgoblin/+0 club (4)]
   581 | D:1      | Learned a level 1 spell: Animate Skeleton
  1073 | D:1      | Reached skill level 4 in Stealth
  1073 | D:1      | Reached XP level 3. HP: 19/20 MP: 2/6
  1889 | D:2      | Noticed Terence
  2193 | D:2      | Killed Terence
  2194 | D:2      | Reached XP level 4. HP: 23/24 MP: 0/7
  2288 | D:2      | Reached skill level 1 in Short Blades
  2416 | D:3      | Reached skill level 3 in Dodging
  2600 | D:3      | Reached skill level 5 in Necromancy
  2915 | D:3      | Noticed Jessica
  2919 | D:3      | Killed Jessica
  2920 | D:3      | Reached skill level 1 in Fighting
  2920 | D:3      | Reached XP level 5. HP: 29/29 MP: 8/8
  3149 | D:2      | Learned a level 3 spell: Vampiric Draining
  3167 | D:3      | Slain by an iguana

Vanquished Creatures
  Jessica (D:3)
  Terence (D:2)
  2 adders
  An ooze (D:1)
  2 worms
  A leopard gecko (D:2)
  An orc (D:3)
  2 ball pythons (D:3)
  A giant cockroach (D:1)
  6 goblins (D:1)
  9 hobgoblins
  8 jackals (D:3)
  9 kobolds
  8 bats
  2 frilled lizards (D:1)
  A quokka zombie (D:3)
  7 rats
62 creatures vanquished.

Table legend: (Time is in decaauts)
 A = Elapsed time spent in this place.
 B = Non-inter-level travel time spent in this place.
 C = Inter-level travel time spent in this place.
 D = Time resting spent in this place.
 E = Time spent auto-exploring this place.
 F = Levels seen in this place.
 G = Mean time per level.
                   A        B        C        D        E       F      G
               +--------+--------+--------+--------+--------+-----+--------+
         Total |   3167 |   2948 |    219 |   1170 |      0 |   3 | 1055.7 |
       Dungeon |   3167 |   2948 |    219 |   1170 |      0 |   3 | 1055.7 |
               +--------+--------+--------+--------+--------+-----+--------+

Top non-repeatable levels by time:
     D:1: 1302 daAuts
     D:2: 1099 daAuts
     D:3: 765 daAuts

Table legend:
 A = Non-vault XP
 B = Vault XP
 C = Vault XP percentage of total XP
 D = Non-vault monster count
 E = Vault monster count
 F = Vault count percentage of total count
                 A         B        C        D         E       F
            +---------+---------+-------+---------+---------+-------
      Total |     129 |      82 |  38.9 |      58 |       4 |   6.5
            +---------+---------+-------+---------+---------+-------
        D:1 |      43 |       9 |  17.3 |      26 |       2 |   7.1
        D:2 |      33 |      36 |  52.2 |      12 |       1 |   7.7
        D:3 |      53 |      37 |  41.1 |      20 |       1 |   4.8
            +---------+---------+-------+---------+---------+-------
